Cogmind - Beta 11.1 @@@ ROGUE MODE // 2022.08.28 @ 15:04:06 Player: Richard Blunt Result: Smashed by cave-in Performance ------------- Evolutions (0) 0 Regions Visited (1) 200 Robots Destroyed (5) 25 Value Destroyed (108) 108 Prototype IDs (0) 0 Alien Tech Used (0) 0 Bonus (0) 0 TOTAL SCORE: 333 Bonus ------- None Cogmind --------- Core Integrity 0/250 Matter 189/300 Energy 100/100 System Corruption 4% Temperature Cool (0) Movement Rolling (80) Location -10/Materials Parts ------- > --- POWER (1) -------- (None) > --- PROPULSION (2) --- Wheel > --- UTILITY (2) ------ Small Storage Unit Seismic Detector > --- WEAPON (2) ------- Assault Rifle Assault Rifle > --- INVENTORY (8) ---- Light Nuclear Core Light Treads Aluminum Leg Aluminum Leg Compact Wheel EM Pulse Gun Peak State ------------ > --- POWER ------------ Ion Engine > --- PROPULSION ------- Wheel Wheel > --- UTILITY ---------- Small Storage Unit Seismic Detector > --- WEAPON ----------- Assault Rifle Assault Rifle > --- INVENTORY -------- Light Nuclear Core Light Treads Aluminum Leg Aluminum Leg Compact Wheel Compact Wheel EM Pulse Gun Mining Laser [Rating: 8] Favorites ----------- Power Ion Engine Engine Ion Engine Propulsion Wheel Wheel Wheel Utility Small Storage Unit Device Seismic Detector Storage Small Storage Unit Weapon Assault Rifle Energy Gun EM Pulse Gun Ballistic Gun Assault Rifle Special Weapon Mining Laser Build | -11 -10 ------- Run | Scr Mat Slots Evolved . | . . Power . | . . Propulsion . | . . Utility . | . . Weapon . | . . Parts Attached 16 | 11 5 Power 1 | 1 . Engine 1 | 1 . Core . | . . Reactor . | . . Propulsion 5 | 4 1 Treads . | . . Leg . | . . Wheel 5 | 4 1 Hover . | . . Flight . | . . Utility 2 | 2 . Device 1 | 1 . Storage 1 | 1 . Processor . | . . Hackware . | . . Protection . | . . Artifact . | . . Weapon 8 | 4 4 Energy Gun 1 | 1 . Energy Cannon . | . . Ballistic Gun 5 | 2 3 Ballistic Cannon . | . . Launcher . | . . Special Weapon 2 | 1 1 Impact Weapon . | . . Slashing Weapon . | . . Piercing Weapon . | . . Special Melee Weapon . | . . Unidentified Prototypes . | . . Parts Lost 4 | . 4 Power 1 | . 1 Propulsion 2 | . 2 Utility . | . . Weapon 1 | . 1 Highest Loss Streak 4 | . 4 To Critical Strikes . | . . Average Slot Usage (%) 98 | . 98 Engine 13 | . 13 Wheel 27 | . 27 Device 14 | . 14 Storage 14 | . 14 Energy Gun 8 | . 8 Ballistic Gun 8 | . 8 Special Weapon 10 | . 10 Naked Turns . | . . Heaviest Build 15 | 14 15 Greatest Support 32 | 32 26 Greatest Overweight (x) 1 | . 1 Average Overweight (x) . | . . Largest Inventory Capacity 8 | 8 8 Average Capacity 7 | 7 8 Most Carried 8 | 8 8 Average Carried 7 | 4 7 Final Capacity 8 | 8 8 Final Carried 8 | 8 6 Class Distribution -------------------- 87% | Scavenger-Mutant 12% | Mutant Dominant Class ---------------- Scavenger-Mutant | -10/Materials Resources | -11 -10 ----------- Run | Scr Mat Matter Collected 313 | 262 51 Remotely . | . . Salvage Created 153 | 30 123 Parts 18 | 5 13 Haulers Intercepted . | . . Recyclers Shooed 1 | . 1 Parts Field Recycled . | . . Retrieved Matter . | . . Parts Self-Destructed . | . . Prevented . | . . Kills | -11 -10 ------- Run | Scr Mat Combat Hostiles Destroyed 4 | . 4 Guns 4 | . 4 Classes Destroyed 3 | 1 2 Tunneler 1 | 1 . Swarmer 2 | . 2 Grunt 2 | . 2 Best Kill Streak 3 | 1 3 Combat Bots Only 3 | . 3 Max Kills in Single Turn 1 | 1 1 Gunslinging . | . . Exploded . | . . Melee . | . . Uniques/NPCs Destroyed . | . . Combat | -11 -10 -------- Run | Scr Mat Damage Taken 676 | . 676 Core 252 | . 252 Absorbed by Shields . | . . Core Remaining (%) 100 | 100 . Volleys Fired 28 | 2 26 Largest 2 | 1 2 Hottest 100 | 40 100 Shots Fired 42 | 2 40 Gun 33 | 2 31 Cannon . | . . Launcher . | . . Special 9 | . 9 Kinetic 28 | . 28 Thermal 9 | . 9 Explosive . | . . Electromagnetic 5 | 2 3 Robot Hit Streak 8 | 1 8 Robot Miss Streak 3 | 1 3 Penetration Max . | . . Secondary Targets . | . . Shots Hit Robots 16 | 1 15 Core Hits 9 | 1 8 Critical Kills . | . . Critical Parts Destroyed . | . . Critical Strikes . | . . Melee Attacks . | . . Impact . | . . Slashing . | . . Piercing . | . . Sneak Attacks . | . . Combat Hostiles . | . . Follow-up Attacks . | . . Damage Inflicted 239 | 13 226 Guns 239 | 13 226 Cannons . | . . Explosions . | . . Melee . | . . Ramming . | . . Kinetic 208 | . 208 Thermal . | . . Explosive . | . . Electromagnetic 31 | 13 18 Impact . | . . Slashing . | . . Piercing . | . . Highest Corruption 4 | . 4 Average Corruption 4 | . 4 Corruption Purged . | . . Corruption Blocked . | . . Overload Shots . | . . Overflow Damage . | . . Projectiles . | . . Explosions . | . . Melee . | . . Knockbacks . | . . Impact . | . . Kinetic . | . . Secondary . | . . Self-Inflicted Damage . | . . Shots . | . . Rammed . | . . Targets Rammed . | . . Kicked . | . . Crushed . | . . Highest Temperature 40 | . 40 Average Temperature 15 | . 15 Received Heat Transfer 132 | . 132 Siege Activations . | . . Robots Corrupted . | . . Combat Hostiles . | . . Parts Fried . | . . Impact Corruptions . | . . Robots Melted . | . . Combat Hostiles . | . . Parts Melted . | . . Heat Transferred . | . . Parts Sabotaged . | . . Parts Stolen . | . . Parts Stripped . | . . Power Chain Reactions . | . . Missiles Intercepted . | . . Alert | -11 -10 ------- Run | Scr Mat Peak Influence 105 | 5 105 Initial 3 | . 3 Average 40 | 1 53 Maximum Alert Level . | . . Low Security (%) 100 | 100 100 Level 1 . | . . Level 2 . | . . Level 3 . | . . Level 4 . | . . Level 5 . | . . High Security . | . . Max Security . | . . Squads Dispatched 1 | . 1 Investigation . | . . Extermination . | . . Reinforcement 1 | . 1 Assault . | . . Garrison . | . . Intercept . | . . Searches Triggered . | . . Construction Impeded . | . . Haulers Reinforced . | . . Active Scanning Responses . | . . Cargo Convoy Interrupts . | . . Stealth | -11 -10 --------- Run | Scr Mat Distress Signals 1 | . 1 Communications Jammed . | . . Distress Signals . | . . Times Spotted 12 | . 12 Peak Tracking Total 6 | . 6 Tactical Retreats 1 | . 1 Traps | -11 -10 ------- Run | Scr Mat Traps Triggered . | . . Indirectly . | . . Trap Hack Attempts . | . . Triggered . | . . Disarmed . | . . Reprogrammed . | . . Reused . | . . Traps Extracted . | . . Installed . | . . Triggered . | . . Machines | -11 -10 ---------- Run | Scr Mat Machines Disabled . | . . Max in Single Turn . | . . Machines Sabotaged . | . . Garrisons Compromised . | . . Overloaded Fab Kills . | . . Hacking | -11 -10 --------- Run | Scr Mat Machines Accessed 2 | . 2 Terminals 2 | . 2 Fabricators . | . . Repair Stations . | . . Recycling Units . | . . Scanalyzers . | . . Garrison Access . | . . Total Hacks 6 | . 6 Successful 2 | . 2 Failed 3 | . 3 Catastrophic . | . . Database Lockouts 1 | . 1 Manual 6 | . 6 Terminals 6 | . 6 Fabricators . | . . Repair Stations . | . . Recycling Units . | . . Scanalyzers . | . . Garrison Access . | . . Terminal Hacks 2 | . 2 Robot Analysis 2 | . 2 Fabricator Hacks . | . . Repair Station Hacks . | . . Recycling Unit Hacks . | . . Scanalyzer . | . . Garrison Access Hacks . | . . Unauthorized Hacks . | . . Terminals . | . . Fabricators . | . . Repair Stations . | . . Recycling Units . | . . Scanalyzers . | . . Garrison Access . | . . Data Cores Recovered . | . . Used . | . . Hacking Detections 1 | . 1 Full Trace Events . | . . Feedback Events . | . . Feedback Blocked . | . . Robot Schematics Acquired . | . . Robots Built . | . . Authchips . | . . Time . | . . Total Robot Build Rating . | . . Part Schematics Acquired . | . . Parts Built . | . . Authchips . | . . Time . | . . Total Part Build Rating . | . . Parts Repaired . | . . Time . | . . Parts Recycled . | . . Recycled Matter . | . . Retrieved Matter . | . . Retrieved Components . | . . Parts Scanalyzed . | . . Part Schematics Acquired . | . . Parts Damaged . | . . Bothacking | -11 -10 ------------ Run | Scr Mat Used RIF Installer . | . . Robots Hacked . | . . Non-combat . | . . Combat . | . . Robot Hacks Applied . | . . Relay Couplers Released . | . . Fabnet Peak Effective % . | . . Robots Rewired . | . . Allies Hacked . | . . Hacks Repelled . | . . Allies | -11 -10 -------- Run | Scr Mat Total Allies . | . . Largest Group . | . . Highest-Rated Group . | . . Highest-Rated Ally . | . . Total Orders . | . . Ally Attacks . | . . Total Damage . | . . Kills . | . . Allies Corrupted . | . . Allies Melted . | . . Intel | -11 -10 ------- Run | Scr Mat Robot Analysis Total 2 | . 2 Derelict Logs Recovered . | . . Drone Launches . | . . Drone Recoveries . | . . Exploration | -11 -10 ------------- Run | Scr Mat Turns Passed 336 | 83 253 Spaces Moved 217 | 53 164 Core 1 | 1 . Treads . | . . Legs . | . . Wheels 216 | 52 164 Hover . | . . Flight . | . . Fastest Speed 50 | 50 80 Average Speed 84 | 96 80 Slowest Speed 100 | 100 95 Overloaded Moves . | . . Propulsion Burnouts . | . . Robots Hopped . | . . Cave-ins Triggered 2 | . 2 Exploration Rate (%) 19 | 4 35 Regions Visited 1 Branch Regions . Pre-discovered Areas . | . . Known Exits Taken . | . . Unknown Exits Taken 1 | 1 . Scrap Searched . | . . Spaces Dug 9 | . 9 Terrain Destroyed 9 | . 9 Melee . | . . Projectile 9 | . 9 AOE . | . . Terrain Rammed . | . . Walls Destroyed . | . . Machines Disabled . | . . Actions | -11 -10 --------- Run | Scr Mat Total 307 | 78 229 Wait 30 | . 30 Move 216 | 52 164 Hop . | . . Pick Up 12 | 10 2 Fast Attach 7 | 7 . Attach 3 | 1 2 Detach 1 | 1 . Swap 6 | 3 3 Drop 4 | 2 2 Fire 28 | 2 26 Melee . | . . Ram . | . . Kick . | . . Crush . | . . Escape Stasis . | . . Rewire . | . . Trap . | . . Miscellaneous . | . . Route ------- -11/Scrapyard -10/Materials (discovered 2 exits: [*Mat] / [*Min]) History --------- Turn | Location | Event 32 | -11/Scrapyard | Discovered new exit (range 16) 84 | -11/Scrapyard | Entered Materials 112 | -10/Materials | Central database locked down 128 | -10/Materials | Discovered new exit (range 6) 172 | -10/Materials | Discovered new exit (range 3) 327 | -10/Materials | Crushed by falling debris 327 | -10/Materials | Core integrity fell below 50% 338 | -10/Materials | Crushed by falling debris 338 | -10/Materials | Smashed by cave-in Last Messages --------------- Acquired Lgt. Nuclear Core. Acquired 51 matter. R-06 Scavenger collects Aluminum Leg. Wheel destroyed. R-06 Scavenger collects Lgt. Ion Engine. R-06 Scavenger collects Aluminum Leg. R-06 Scavenger collects Imp. Heat Sink. Mining Laser destroyed. S-10 Pest destroyed. The unstable cave ceiling collapses. Crushed by falling debris. [Achievement: Unlikely Earthworm] Com. Wheel destroyed. System corrupted by crushing effect (+1). Ion Engine destroyed. System corrupted by crushing effect (+3). G-34 Mercenary destroyed. S-10 Pest destroyed. The unstable cave ceiling collapses. Crushed by falling debris. Map ----- +----------------------------------------------------+ | ????????????????# ########### [ # #?# | | ????????????????## ############"######## #?# | | ?????????????????# # *!| ##??????# #??# | | ?????????????????# # !! #???????# #??## | | ?????????????????# + !| #????#### ##### | | ??????????# # #????# | | ??????????# # """ #????# | | ??????????# ?# """ #????# | | ??????????##/#######?# """ #????# ####+### | | ????????????????????##########"###????# ?? ????? | | ???????????????????# ####### ?? ????? | | ???????????????????# """ """ # / ??" ???? | | ???????????????????????"" """ !# # ??T ???? | | ???????????????????# """ """ # # ??" ???? | | ???????????????????# # ! # #? ???? | | ????????????????????#########+### # #?#/???? | | ??????????????????????????# # / ??# ???? | | ??????????????????????????# =# # ### ##?? | | ??????????????????????????# * / # ### | | ??????????????????????????# # # # | | ??????????????????????????# # # """ # | | ??????????????????????????## ## # """ + | | ???????????????????????????# ## # """ # | | ???????????????????????????# ######## ### | | ????????????????????????#### #??????# #"# | | ????????????????????????#@## #??????# """ | | ????????????????????????##%s #?????#T """ | | ?????????????????????????###u% #?????## """ | | ??????????????????????????? #??????# ### | | ??????????????????????????? #??????# #?? | | ?????????????????????????? #??????# """ #?? | | ?????????????????????????? #??????# """ #?? | | ????????????????????????? ????? """ #?? | | ????????????????????????? ??? ? ??? | | ???????????????????????? ? ?? ?? ??? | | ???????????????????????? #######+???????### ??? | | ??????????????????????? ?????????????????# ??? | | ??????????????????????? ?????????????????# ??? | | ??????????????????????# ?????????????????# ??? | | ??????????????????????# ??????????????????# ??? | | ???????????????????????? ????????????????????????? | | ?????????????????????????????????????????????????? | | ?????????????????????????????????????????????????? | | ?????????????????????????????????????????????????? | | ?????????????????????????????????????????????????? | | ?????????????????????????????????????????????????? | | ?????????????????????????????????????????????????? | | ?????????????????????????????????????????????????? | | ?????????????????????????????????????????????????? | | ?????????????????????????????????????????????????? | +----------------------------------------------------+ Best States ------------- Heat Dissipation 25 Energy Generation 10 Energy Capacity 250 Matter Stores 272 Matter Capacity 300 Sight Range 16 Terrain Scan Density 10 Evasion (%) 44 Item Schematics ----------------- None Robot Schematics ------------------ None Fabricated ------------ Nothing Alien Tech Used ----------------- None Achievements -------------- Unlikely Earthworm Challenges ------------ None Game ------ Seed LobotomyLightpackGravjet Manual? 0 Play Time 00:11:13 Cumulative 29.6 hours Start 2022.08.28 @ 14:51:41 End 2022.08.28 @ 15:04:06 Sessions 1 Manual Loads 0 Difficulty Rogue Special Mode None Game No. 7 Rogue 7 Adventurer 0 Explorer 0 Win Type - Total 0 Types 0/0/0/0/0/0/0/0/0 Lore% 24 Gallery% 22 Achievement% 18 Wizard Run 0 Options --------- ASCII 0 Keyboard 0 Movement Mouse Keybinds 0 Fullscreen 1 Font 24/Smallcaps Map View 76x50 Tactical HUD 0 Map Filters NONE Filters NONE Steam 1 RUN: bd5c8b14-ed9d-47e1-8bf8-b1c3da5f81c2